 Dungeon Crawl Stone Soup version 0.27.1-3-gb3d3a73c9e (webtiles) character file.

Game seed: 14262210161799546502

111 Crownlay the Digger (level 4, -2/24 HPs)
             Began as a Gargoyle Earth Elementalist on Oct 9, 2021.
             Slain by an orc (3 damage)
             ... on level 3 of the Dungeon.
             The game lasted 00:04:37 (2926 turns).

Crownlay the Digger (Gargoyle Earth Elementalist)   Turns: 2926, Time: 00:04:38

Health: -2/24      AC:  5    Str: 11    XL:     4   Next: 92%
Magic:  0/8        EV: 11    Int: 17    God:
Gold:   39         SH:  5    Dex: 10    Spells: 5/9 levels left

rFire    . . .     SeeInvis +   e - staff of conjuration
rCold    . . .     Faith    .   (no shield)
rNeg     + . .     Spirit   .   b - +0 robe
rPois    ∞         Reflect  +   (no helmet)
rElec    +         Harm     .   (no cloak)
rCorr    .         Rampage  .   (no gloves)
Will     .....                  (no boots)
Stlth    ++........             o - amulet of reflection
HPRegen  0.08/turn              f - ring of see invisible
MPRegen  0.11/turn              g - ring of flight

@: flying
A: sickness immunity, AC +3, negative energy resistance 1, electricity
resistance, torment resistance 1, petrification resistance
a: no special abilities


You were on level 3 of the Dungeon.
You visited 1 branch of the dungeon, and saw 3 of its levels.

You collected 39 gold pieces.

Inventory:

Hand Weapons
 d - a +0 dagger
Missiles
 c - 112 stones
Armour
 b - a +0 robe (worn)
 u - a +0 pair of boots
Magical Staves
 e - a staff of conjuration (weapon)
Jewellery
 f - a ring of see invisible (left hand)
 g - a ring of flight (right hand)
 o - an amulet of reflection (around neck)
Scrolls
 a - a scroll of identify {unknown}
 h - a scroll of silence {unknown}
 i - 2 scrolls of enchant weapon {unknown}
 j - a scroll of blinking {unknown}
 k - 2 scrolls of vulnerability
 l - 2 scrolls of noise {unknown}
 p - 2 scrolls of teleportation {unknown}
 q - a scroll of immolation {unknown}
 r - a scroll of enchant armour {unknown}
 t - a scroll of fear {unknown}
Potions
 m - a potion of degeneration {unknown}
 n - a potion of curing {unknown}
 s - a potion of heal wounds {unknown}


   Skills:
 - Level 1.5 Dodging
 - Level 2.1 Stealth
 + Level 3.0 Spellcasting
 - Level 0.7 Transmutations
 * Level 5.8 Earth Magic


You had 5 spell levels left.
You knew the following spells:

 Your Spells              Type           Power      Damage    Failure   Level
a - Sandblast             Erth           44%        2d11      1%          1
b - Stone Arrow           Conj/Erth      36%        3d9       16%         3

Your spell library contained the following spells:

 Spells                   Type           Power      Damage    Failure   Level
 Passwall                 Tmut/Erth      10%        N/A       7%          2
 Petrify                  Tmut/Erth      13%        N/A       41%         4
 Summon Lightning Spire   Summ/Air       2%         N/A       86%         4
 Storm Form               Tmut/Air       1%         N/A       100%        7
 Maxwell's Capacitive Co  Air            1%         ∞         100%        8


Dungeon Overview and Level Annotations

Branches:
Dungeon (3/15)

Altars:

Shops:
D:3 (


Innate Abilities, Weirdness & Mutations

You are immune to sickness and miasma.
Your stone body is resilient. (AC +3)
You are immune to poison.
You resist negative energy. (rN+)
You are resistant to electric shocks. (rElec)
You are resistant to unholy torment.
You are immune to petrification.


Message History

You block the hobgoblin's attack.
You closely miss the hobgoblin.
The hobgoblin is severely wounded.
The hobgoblin hits you but does no damage.
You barely miss the hobgoblin.
The hobgoblin is severely wounded.
The hobgoblin hits you.
* * * LOW HITPOINT WARNING * * *
The hobgoblin closely misses you.
Casting: Sandblast (safe; 1% risk of failure)
Confirm with . or Enter, or press ? or * to list all spells.
Aiming: Sandblast (safe; 1% risk of failure)
Press: ? - help, Shift-Dir - straight line, f/p - orc
Aim: an orc, wielding a +0 dagger and wearing a +0 chain mail (86% to hit)
The blast of sand hits the hobgoblin!
You kill the hobgoblin!
Casting: Sandblast (safe; 1% risk of failure)
Confirm with . or Enter, or press ? or * to list all spells.
Aiming: Sandblast (safe; 1% risk of failure)
Press: ? - help, Shift-Dir - straight line, f - orc
Aim: an orc, wielding a +0 club and wearing a +0 leather armour (81% to hit)
The blast of sand hits the orc.
The orc is severely wounded.
The orc hits you with a +0 club.
* * * LOW HITPOINT WARNING * * *
Casting: Sandblast (safe; 1% risk of failure)
Confirm with . or Enter, or press ? or * to list all spells.
Aiming: Sandblast (safe; 1% risk of failure)
Press: ? - help, Shift-Dir - straight line, f/p - orc
Aim: an orc, wielding a +0 club and wearing a +0 leather armour (severely wounded, 81% to hit)
The blast of sand hits the orc!
You kill the orc!
Casting: Sandblast (safe; 1% risk of failure)
Confirm with . or Enter, or press ? or * to list all spells.
Aiming: Sandblast (safe; 1% risk of failure)
Press: ? - help, Shift-Dir - straight line, f - orc
Aim: an orc, wielding a +0 dagger and wearing a +0 chain mail (86% to hit)
The blast of sand hits the orc but does no damage.
The orc hits you with a +0 dagger.
You die...

#.. #.# #######.#### #..........
........ ...(. .. ####### #..#
... ##.....## #@# ##.# #.......##
#o### ... .........# #...##.#
.... .....†...# ###)#..###....
.........########..........# ##
.....†..∩#................# ...
...........######........###.##.#
.....................#..........
.........#.............#.......


You could see an orc.

Vanquished Creatures
  A gnoll (D:1)
  4 adders (D:2)
  A dart slug (D:2)
  A worm (D:2)
  4 orcs (D:3)
  4 ball pythons
  4 endoplasms
  A giant cockroach (D:1)
  4 goblins
  3 hobgoblins
  5 quokkas
  10 bats
  5 frilled lizards
  4 kobolds
  6 rats
57 creatures vanquished.

Notes
Turn   | Place    | Note
-------+----------+-------------------------------------------
     0 | D:1      | Crownlay the Gargoyle Earth Elementalist began the quest
                  | for the Orb.
     0 | D:1      | Reached XP level 1. HP: 10/10 MP: 3/3
   216 | D:1      | Reached skill level 4 in Earth Magic
   420 | D:1      | Reached XP level 2. HP: 15/15 MP: 5/5
   712 | D:1      | Reached XP level 3. HP: 6/19 MP: 0/6
   716 | D:1      | Learned a level 3 spell: Stone Arrow
  2132 | D:2      | Reached skill level 5 in Earth Magic
  2338 | D:2      | Reached XP level 4. HP: 24/24 MP: 6/8
  2543 | D:2      | Found a faded altar of an unknown god.
  2829 | D:3      | Found Vatzeonu's Antique Weapon Shoppe.
  2922 | D:3      | HP: 1/24 [orc (2)]
  2926 | D:3      | Slain by an orc

Illustrated notes

Levels and vault maps discovered:
D:1:      minmay_arrival_four_circles, layout_basic
D:2:      layout_rooms, chequers_ecumenical_altar_twisty,
          kennysheep_generic_room_16
D:3:      layout_rooms, serial_shops, shop, minmay_divided_ellipse

Skill      XL: |  1  2  3  4 |
---------------+-------------+-----
Earth Magic    | 4 5 |  5.8
Spellcasting   | 3 |  3.0
Dodging        | |  1.5
Stealth        | |  2.1
Transmutations | |  0.7

Action                   |  1- 3 |  4- 6 || total
-------------------------+-------+-------++-------
Melee: Unarmed           |    22 |       ||    22
       Dagger            |    52 |       ||    52
       Staff             |    74 |     9 ||    83
 Cast: Sandblast         |    16 |    32 ||    48
  Use: Scroll            |     1 |       ||     1
 Stab: Sleeping          |     2 |       ||     2
Armor: Robe              |    75 |     7 ||    82
Dodge: Dodged            |   109 |    12 ||   121
Block: Other             |       |     5 ||     5
